TOP OF THE 1ST |
Grand Junction Rockies batting - Pitching for Billings Mustangs : LHP Jason St. Clair
|
Pitching: LHP Jason St. Clair
|
|
Batting: LHB Steve Gilliam
|
0-0: Ball 1-0: Foul Ball, location: 2F 1-1: Ball 2-1: SINGLE (Line Drive, 9S, EV 96.9 MPH)
|
Batting: RHB Ray Insley
|
0-0: Ball 1-0: SINGLE (Groundball, 56D, EV 104.4 MPH) Steve Gilliam to second
|
Batting: SHB Jamie Mims
|
0-0: Called Strike 0-1: Called Strike Steve Gilliam steals 3rd base 0-2: Foul Ball, location: 2F 0-2: Fielders Choice at 2nd, 6-4 (Groundball, 6, EV 90.6 MPH) Steve Gilliam scores
|
Batting: RHB Chris Osting
|
0-0: Ball Jamie Mims is caught stealing 2nd base 2-4 1-0: Swinging Strike 1-1: Ball 2-1: Ball 3-1: Base on Balls
|
Batting: RHB Zakhar Edelman
|
0-0: Ball 1-0: Called Strike 1-1: Ball 2-1: Ball 3-1: Base on Balls Chris Osting to second
|
Batting: SHB Jeff Sorrels
|
0-0: Called Strike 0-1: Foul Ball, location: 2F 0-2: Strikes out swinging
|
Top of the 1st over - 1 run, 2 hits, 0 errors, 2 left on base; Grand Junction 1 - Billings 0 |
BOTTOM OF THE 1ST |
Billings Mustangs batting - Pitching for Grand Junction Rockies : RHP Logan Ramsey
|
Pitching: RHP Logan Ramsey
|
|
Batting: LHB Jeremy Robertson
|
0-0: Ball 1-0: Ball 2-0: Ball 3-0: Called Strike 3-1: Called Strike 3-2: SINGLE (Line Drive, 4D, EV 96.2 MPH)
|
Batting: RHB Jake Savell
|
0-0: Called Strike 0-1: 2-RUN HOME RUN (Flyball, 9LD, EV 92.5 MPH), Distance : 360 ft
|
Batting: LHB Brian Dickeson
|
0-0: SINGLE (Groundball, 6MD, EV 97.5 MPH)
|
Batting: SHB David Garnica
|
0-0: Called Strike 0-1: Ball 1-1: Ball 2-1: Swinging Strike 2-2: Fly out, F8 (Flyball, 8LD, EV 108.1 MPH)
|
Batting: RHB Andy Bachman
|
0-0: Foul Ball, location: 2F 0-1: Called Strike 0-2: Foul Ball, location: 2F 0-2: Ball 1-2: Ball 2-2: Foul Ball, location: 2F 2-2: Ball 3-2: SINGLE (Groundball, 4MD, EV 104.4 MPH) Brian Dickeson to second Runner from 2nd tries for 3rd, SAFE, throw by CF made to third
|
Batting: LHB Armando Arellano
|
0-0: Called Strike 0-1: Ball 1-1: Ball 2-1: Foul Ball, location: 2F 2-2: Ball 3-2: Base on Balls Andy Bachman to second
|
Batting: RHB Yutaka Sato
|
0-0: Ball 1-0: Foul Ball, location: 2F 1-1: Foul Ball, location: 2F 1-2: Hit by Pitch Brian Dickeson scores Andy Bachman to third Armando Arellano to second
|
Batting: SHB Gustavo Froio
|
0-0: Ball 1-0: Ball 2-0: Ball 3-0: Base on Balls Andy Bachman scores Armando Arellano to third Yutaka Sato to second
|
Batting: LHB Elijah Benton
|
0-0: Ball 1-0: Called Strike 1-1: Swinging Strike 1-2: Foul Ball, location: 2F 1-2: Ball 2-2: Ball 3-2: Foul Ball, location: 2F 3-2: Foul Ball, location: 2F 3-2: Base on Balls Armando Arellano scores Yutaka Sato to third Gustavo Froio to second
|
Pitching: RHP Lorenzo Pacheco
|
|
Batting: LHB Jeremy Robertson
|
0-0: Ball Passed Ball! Yutaka Sato scores Gustavo Froio to third Elijah Benton to second 1-0: Called Strike 1-1: Foul Ball, location: 2F 1-2: Foul Ball, location: 2F 1-2: Ground out U3 (Groundball, 34, EV 103.1 MPH) Gustavo Froio scores Elijah Benton to third
|
Batting: RHB Jake Savell
|
0-0: Called Strike 0-1: Ball 1-1: Ball 2-1: Ball 3-1: Ground out 6-3 (Groundball, 6S, EV 82.5 MPH)
|
Bottom of the 1st over - 7 runs, 4 hits, 0 errors, 1 left on base; Grand Junction 1 - Billings 7 |
TOP OF THE 2ND |
Grand Junction Rockies batting - Pitching for Billings Mustangs : LHP Jason St. Clair
|
Batting: RHB Doug D'Onofrio
|
0-0: Ball 1-0: Foul Ball, location: 2F 1-1: Called Strike 1-2: Ball 2-2: Ball 3-2: Fly out, F5 (Line Drive, 5L, EV 68.8 MPH)
|
Batting: LHB Harry Folsom
|
0-0: Foul Ball, location: 2F 0-1: Ball 1-1: Ball 2-1: Fly out, F9 (Flyball, 9D, EV 103.8 MPH)
|
Batting: RHB Randy Breitbart
|
0-0: Ball 1-0: Ball 2-0: Fly out, F9 (Line Drive, 9, EV 98.1 MPH)
|
Top of the 2nd over - 0 runs, 0 hits, 0 errors, 0 left on base; Grand Junction 1 - Billings 7 |
BOTTOM OF THE 2ND |
Billings Mustangs batting - Pitching for Grand Junction Rockies : RHP Lorenzo Pacheco
|
Batting: LHB Brian Dickeson
|
0-0: Ground out U3 (Groundball, 13, EV 84.4 MPH)
|
Batting: SHB David Garnica
|
0-0: Ground out U3 (Groundball, 3, EV 100.6 MPH)
|
Batting: RHB Andy Bachman
|
0-0: Called Strike 0-1: Ball 1-1: Ball 2-1: Ball 3-1: Ground out 4-3 (Groundball, 4, EV 84.4 MPH)
|
Bottom of the 2nd over - 0 runs, 0 hits, 0 errors, 0 left on base; Grand Junction 1 - Billings 7 |
TOP OF THE 3RD |
Grand Junction Rockies batting - Pitching for Billings Mustangs : LHP Jason St. Clair
|
Batting: LHB Steve Gilliam
|
0-0: Foul Ball, location: 2F 0-1: Ball 1-1: Foul Ball, location: 2F 1-2: Foul Ball, location: 2F 1-2: Foul Ball, location: 2F 1-2: Ball 2-2: Ball 3-2: Ground out 6-3 (Groundball, 6, EV 95.6 MPH)
|
Batting: RHB Ray Insley
|
0-0: Ball 1-0: Ground out 6-3 (Groundball, 6, EV 91.2 MPH)
|
Batting: SHB Jamie Mims
|
0-0: Ball 1-0: Ball 2-0: SINGLE (Groundball, 6D, EV 103.8 MPH)
|
Batting: RHB Chris Osting
|
0-0: Foul Ball, location: 2F 0-1: Called Strike 0-2: SINGLE (Groundball, 6MD, EV 100.6 MPH) Jamie Mims to second
|
Batting: RHB Zakhar Edelman
|
0-0: Ball 1-0: Foul Ball, location: 2F 1-1: Called Strike 1-2: TRIPLE (Flyball, 9LD, EV 107.5 MPH) Jamie Mims scores Chris Osting scores
|
Batting: SHB Jeff Sorrels
|
0-0: Swinging Strike 0-1: Ball 1-1: Foul Ball, location: 2F 1-2: Foul Ball, location: 2F 1-2: Ground out 1-3 (Groundball, 34S, EV 70.6 MPH)
|
Top of the 3rd over - 2 runs, 3 hits, 0 errors, 1 left on base; Grand Junction 3 - Billings 7 |
BOTTOM OF THE 3RD |
Billings Mustangs batting - Pitching for Grand Junction Rockies : RHP Lorenzo Pacheco
|
Batting: LHB Armando Arellano
|
0-0: Called Strike 0-1: Foul Ball, location: 2F 0-2: Ball 1-2: Ball 2-2: Foul Ball, location: 2F 2-2: Ball 3-2: Fly out, F7 (Line Drive, 7, EV 93.1 MPH)
|
Batting: RHB Yutaka Sato
|
0-0: Called Strike 0-1: SINGLE (Flyball, 5D, EV 93.8 MPH)
|
Batting: SHB Gustavo Froio
|
0-0: Grounds out, U3 (Groundball, 3L, EV 91.9 MPH)
|
Batting: LHB Elijah Benton
|
0-0: Ball 1-0: Called Strike 1-1: Foul Ball, location: 2F 1-2: Strikes out swinging
|
Bottom of the 3rd over - 0 runs, 1 hit, 0 errors, 1 left on base; Grand Junction 3 - Billings 7 |
TOP OF THE 4TH |
Grand Junction Rockies batting - Pitching for Billings Mustangs : LHP Jason St. Clair
|
Batting: RHB Doug D'Onofrio
|
0-0: SOLO HOME RUN (Flyball, 7D, EV 95.6 MPH), Distance : 373 ft
|
Batting: LHB Harry Folsom
|
0-0: Ball 1-0: Foul Ball, location: 2F 1-1: Ball 2-1: SINGLE (Flyball, 8RS, EV 91.2 MPH)
|
Batting: RHB Randy Breitbart
|
0-0: Ball 1-0: Ball 2-0: Ball 3-0: Base on Balls Harry Folsom to second
|
Batting: LHB Steve Gilliam
|
0-0: Ball 1-0: Foul Ball, location: 2F 1-1: Swinging Strike 1-2: Strikes out swinging
|
Batting: RHB Ray Insley
|
0-0: Ball Harry Folsom steals 3rd base Randy Breitbart to second 1-0: Ball 2-0: Called Strike 2-1: Ball 3-1: Base on Balls
|
Batting: SHB Jamie Mims
|
0-0: Foul Ball, location: 2F 0-1: Ball 1-1: Ball 2-1: GRAND SLAM HOME RUN (Flyball, 7D, EV 93.8 MPH), Distance : 371 ft
|
Pitching: RHP Joe Green
|
|
Batting: RHB Chris Osting
|
0-0: Ground out 6-3 (Groundball, 6M, EV 111.9 MPH)
|
Batting: RHB Zakhar Edelman
|
0-0: Ball 1-0: Ground out 3-1 (Groundball, 34S, EV 78.1 MPH)
|
Top of the 4th over - 5 runs, 3 hits, 0 errors, 0 left on base; Grand Junction 8 - Billings 7 |
BOTTOM OF THE 4TH |
Billings Mustangs batting - Pitching for Grand Junction Rockies : RHP Lorenzo Pacheco
|
Batting: LHB Jeremy Robertson
|
0-0: Ball 1-0: Called Strike 1-1: Called Strike 1-2: Strikes out looking
|
Batting: RHB Jake Savell
|
0-0: Foul Ball, location: 2F 0-1: Ball 1-1: Ball 2-1: Foul Ball, location: 2F 2-2: Ball 3-2: Ground out 6-3 (Groundball, 6, EV 91.2 MPH)
|
Batting: LHB Brian Dickeson
|
0-0: Ball 1-0: Ball 2-0: Foul Ball, location: 2F 2-1: Ball 3-1: Base on Balls
|
Pitching: RHP Michael Conrad
|
|
Batting: SHB David Garnica
|
0-0: Called Strike 0-1: SINGLE (Groundball, 6S, EV 69.4 MPH) (infield hit) Brian Dickeson to second
|
Batting: RHB Andy Bachman
|
0-0: Called Strike 0-1: Foul Ball, location: 2F 0-2: Ball 1-2: Foul Ball, location: 2F 1-2: Foul Ball, location: 2F 1-2: Foul Ball, location: 2F 1-2: Ball 2-2: Ball 3-2: Fly out, F3 (Popup, 3F, EV 76.2 MPH)
|
Bottom of the 4th over - 0 runs, 1 hit, 0 errors, 2 left on base; Grand Junction 8 - Billings 7 |
TOP OF THE 5TH |
Grand Junction Rockies batting - Pitching for Billings Mustangs : RHP Joe Green
|
Batting: SHB Jeff Sorrels
|
0-0: Ball 1-0: Called Strike 1-1: Called Strike 1-2: Ball 2-2: Foul Ball, location: 2F 2-2: Foul Ball, location: 2F 2-2: Ball 3-2: Foul Ball, location: 2F 3-2: Foul Ball, location: 2F 3-2: Foul Ball, location: 2F 3-2: Strikes out swinging
|
Batting: RHB Doug D'Onofrio
|
0-0: SINGLE (Groundball, 5S, EV 76.9 MPH) (infield hit)
|
Batting: LHB Harry Folsom
|
0-0: SINGLE (Groundball, 34D, EV 101.9 MPH) Doug D'Onofrio to second Doug D'Onofrio to third
|
Batting: RHB Randy Breitbart
|
0-0: Ball Harry Folsom steals 2nd, throwing error, E2 Doug D'Onofrio scores Harry Folsom to third 1-0: Called Strike 1-1: Ball 2-1: Called Strike 2-2: Fly out, F3 (Popup, 3L, EV 67.5 MPH)
|
Batting: LHB Steve Gilliam
|
0-0: Called Strike 0-1: Swinging Strike 0-2: Foul Ball, location: 2F 0-2: Ball 1-2: Ball 2-2: Ball 3-2: 2-RUN HOME RUN (Flyball, 7LD, EV 95.0 MPH), Distance : 348 ft
|
Batting: RHB Ray Insley
|
0-0: Ball 1-0: Called Strike 1-1: Ball 2-1: Foul Ball, location: 2F 2-2: SINGLE (Groundball, 56D, EV 99.4 MPH)
|
Batting: SHB Jamie Mims
|
0-0: Ball 1-0: Ball Ray Insley steals 2nd base 2-0: Ball Wild Pitch! Ray Insley to third 3-0: Called Strike 3-1: Swinging Strike 3-2: Ground out 4-3 (Groundball, 4D, EV 80.0 MPH)
|
Top of the 5th over - 3 runs, 4 hits, 1 error, 1 left on base; Grand Junction 11 - Billings 7 |
BOTTOM OF THE 5TH |
Billings Mustangs batting - Pitching for Grand Junction Rockies : RHP Michael Conrad
|
Batting: LHB Armando Arellano
|
0-0: Ball 1-0: Ball 2-0: Called Strike 2-1: Ground out 5-3 (Groundball, 56, EV 83.1 MPH)
|
Batting: RHB Yutaka Sato
|
0-0: Called Strike 0-1: Ground out 6-3 (Groundball, 6, EV 78.1 MPH)
|
Batting: SHB Gustavo Froio
|
0-0: Called Strike 0-1: Ground out 4-3 (Groundball, 4, EV 81.2 MPH)
|
Bottom of the 5th over - 0 runs, 0 hits, 0 errors, 0 left on base; Grand Junction 11 - Billings 7 |
TOP OF THE 6TH |
Grand Junction Rockies batting - Pitching for Billings Mustangs : RHP Joe Green
|
Batting: RHB Chris Osting
|
0-0: Ball 1-0: Ball 2-0: Ball 3-0: Called Strike 3-1: Base on Balls
|
Batting: RHB Zakhar Edelman
|
0-0: Ball 1-0: Ball 2-0: Fly out, F9 (Line Drive, 9D, EV 95.0 MPH)
|
Batting: SHB Jeff Sorrels
|
0-0: Ball 1-0: Called Strike Chris Osting is caught stealing 2nd base 2-6 1-1: Fly out, F8 (Flyball, 8RXD, EV 88.1 MPH)
|
Top of the 6th over - 0 runs, 0 hits, 0 errors, 0 left on base; Grand Junction 11 - Billings 7 |
BOTTOM OF THE 6TH |
Billings Mustangs batting - Pitching for Grand Junction Rockies : RHP Michael Conrad
|
Batting: LHB Elijah Benton
|
0-0: Called Strike 0-1: Ball 1-1: Foul Ball, location: 2F 1-2: Ground out 6-3 (Groundball, 6S, EV 78.1 MPH)
|
Batting: LHB Jeremy Robertson
|
0-0: Ground out 6-3 (Groundball, 4M, EV 86.2 MPH)
|
Batting: RHB Jake Savell
|
0-0: Ground out 5-3 (Groundball, 56, EV 84.4 MPH)
|
Bottom of the 6th over - 0 runs, 0 hits, 0 errors, 0 left on base; Grand Junction 11 - Billings 7 |
TOP OF THE 7TH |
Grand Junction Rockies batting - Pitching for Billings Mustangs : RHP Joe Green
|
Batting: RHB Doug D'Onofrio
|
0-0: Called Strike 0-1: SOLO HOME RUN (Flyball, 7LD, EV 95.0 MPH), Distance : 351 ft
|
Batting: LHB Harry Folsom
|
0-0: Foul Ball, location: 2F 0-1: Foul Ball, location: 2F 0-2: Ball 1-2: DOUBLE (Line Drive, 89M, EV 106.9 MPH)
|
Batting: RHB Randy Breitbart
|
0-0: Ball 1-0: Foul Ball, location: 2F 1-1: Ball 2-1: Foul Ball, location: 2F 2-2: Ball 3-2: Strikes out swinging
|
Pitching: RHP Mario Gomez
|
|
Batting: LHB Steve Gilliam
|
Balk! Harry Folsom to third 0-0: 2-RUN HOME RUN (Flyball, 9D, EV 95.0 MPH), Distance : 385 ft
|
Batting: RHB Ray Insley
|
0-0: Called Strike 0-1: Called Strike 0-2: Ball 1-2: Ball 2-2: Ball 3-2: Base on Balls
|
Batting: SHB Jamie Mims
|
0-0: Called Strike Ray Insley is caught stealing 2nd base 2-6 0-1: Ball 1-1: SINGLE (Groundball, 56D, EV 111.9 MPH)
|
Batting: RHB Chris Osting
|
0-0: Foul Ball, location: 2F 0-1: Ball Jamie Mims steals 2nd base 1-1: Ball 2-1: Ball 3-1: Base on Balls
|
Batting: RHB Zakhar Edelman
|
0-0: Ball 1-0: Ball 2-0: Ball 3-0: Base on Balls Jamie Mims to third Chris Osting to second
|
Batting: SHB Jeff Sorrels
|
0-0: Ball 1-0: GRAND SLAM HOME RUN (Flyball, 89XD, EV 98.8 MPH), Distance : 394 ft
|
Pitching: LHP Fred Barbour
|
|
Batting: RHB Doug D'Onofrio
|
0-0: Foul Ball, location: 2F 0-1: Foul Ball, location: 2F 0-2: Ball 1-2: Ball 2-2: Ball 3-2: DOUBLE (Line Drive, 78XD, EV 101.2 MPH)
|
Batting: LHB Harry Folsom
|
0-0: Swinging Strike 0-1: DOUBLE (Line Drive, 7LS, EV 108.8 MPH) Doug D'Onofrio scores
|
Batting: RHB Randy Breitbart
|
0-0: Called Strike 0-1: Foul Ball, location: 2F 0-2: Ball 1-2: Strikes out swinging
|
Top of the 7th over - 8 runs, 7 hits, 0 errors, 1 left on base; Grand Junction 19 - Billings 7 |
BOTTOM OF THE 7TH |
Billings Mustangs batting - Pitching for Grand Junction Rockies : RHP Michael Conrad
|
Batting: LHB Brian Dickeson
|
0-0: Ball 1-0: Ball 2-0: Called Strike 2-1: Foul Ball, location: 2F 2-2: Foul Ball, location: 2F 2-2: Ground out 4-3 (Groundball, 4, EV 87.5 MPH)
|
Pitching: RHP Jerry Dunne
|
|
Batting: SHB David Garnica
|
0-0: Called Strike 0-1: Foul Ball, location: 2F 0-2: Ball 1-2: Ball 2-2: Ball 3-2: SINGLE (Groundball, 4MD, EV 95.6 MPH)
|
Batting: RHB Andy Bachman
|
0-0: Called Strike David Garnica steals 2nd base (no throw) 0-1: Ground out 6-3 (Groundball, 6, EV 106.2 MPH)
|
Batting: LHB Armando Arellano
|
0-0: Ball 1-0: Ball 2-0: Ground out 6-3 (Groundball, 6, EV 108.1 MPH)
|
Bottom of the 7th over - 0 runs, 1 hit, 0 errors, 1 left on base; Grand Junction 19 - Billings 7 |
TOP OF THE 8TH |
Grand Junction Rockies batting - Pitching for Billings Mustangs : LHP Fred Barbour
|
Batting: LHB Steve Gilliam
|
0-0: Ball 1-0: Ball 2-0: Ball 3-0: Called Strike 3-1: Foul Ball, location: 2F 3-2: Foul Ball, location: 2F 3-2: Base on Balls
|
Batting: RHB Ray Insley
|
0-0: Ball 1-0: Ball 2-0: Ball 3-0: Base on Balls Steve Gilliam to second
|
Batting: SHB Jamie Mims
|
0-0: Called Strike 0-1: Foul Ball, location: 2F 0-2: Grounds into double play, 6-4-3 (Groundball, 6, EV 78.8 MPH) Steve Gilliam to third
|
Batting: RHB Chris Osting
|
0-0: Ball 1-0: Called Strike 1-1: Foul Ball, location: 2F 1-2: Ball 2-2: Foul Ball, location: 2F 2-2: Foul Ball, location: 2F 2-2: Foul Ball, location: 2F 2-2: Foul Ball, location: 2F 2-2: Hit by Pitch
|
Batting: RHB Zakhar Edelman
|
0-0: Foul Ball, location: 2F 0-1: Foul Ball, location: 2F 0-2: Ball 1-2: Fielders Choice at 2nd, 6-4 (Groundball, 56, EV 91.9 MPH)
|
Top of the 8th over - 0 runs, 0 hits, 0 errors, 2 left on base; Grand Junction 19 - Billings 7 |
BOTTOM OF THE 8TH |
Billings Mustangs batting - Pitching for Grand Junction Rockies : RHP Jerry Dunne
|
Batting: RHB Yutaka Sato
|
0-0: Called Strike 0-1: Ball 1-1: Foul Ball, location: 2F 1-2: Ground out 5-3 (Groundball, 5L, EV 88.1 MPH)
|
Batting: SHB Gustavo Froio
|
0-0: Called Strike 0-1: Ball 1-1: Swinging Strike 1-2: Ball 2-2: Strikes out swinging
|
Batting: LHB Elijah Benton
|
0-0: Ball 1-0: Foul Ball, location: 2F 1-1: Ground out 6-3 (Groundball, 6, EV 85.0 MPH)
|
Bottom of the 8th over - 0 runs, 0 hits, 0 errors, 0 left on base; Grand Junction 19 - Billings 7 |
TOP OF THE 9TH |
Grand Junction Rockies batting - Pitching for Billings Mustangs : LHP Fred Barbour
|
Batting: SHB Jeff Sorrels
|
0-0: Ball 1-0: Ball 2-0: Foul Ball, location: 2F 2-1: Foul Ball, location: 2F 2-2: Strikes out swinging, 2-3 out at first.
|
Pitching: RHP Al Blanchard
|
|
Batting: RHB Doug D'Onofrio
|
0-0: Ball 1-0: Ball 2-0: Foul Ball, location: 2F 2-1: Ball 3-1: Base on Balls
|
Batting: LHB Harry Folsom
|
0-0: Ball 1-0: Ball 2-0: Ball 3-0: Base on Balls Doug D'Onofrio to second
|
Batting: RHB Randy Breitbart
|
0-0: Swinging Strike 0-1: Swinging Strike 0-2: Ball 1-2: Ball Wild Pitch! Doug D'Onofrio to third Harry Folsom to second 2-2: Strikes out swinging
|
Batting: LHB Steve Gilliam
|
0-0: Called Strike 0-1: Ball 1-1: Foul Ball, location: 2F 1-2: Ball 2-2: Ball 3-2: Foul Ball, location: 2F 3-2: Foul Ball, location: 2F 3-2: Base on Balls
|
Batting: RHB Ray Insley
|
0-0: Ball 1-0: SINGLE (Groundball, 6D, EV 96.2 MPH) Doug D'Onofrio scores Harry Folsom to third Steve Gilliam to second
|
Batting: SHB Jamie Mims
|
0-0: Foul Ball, location: 2F 0-1: Ball 1-1: Ball 2-1: Foul Ball, location: 2F 2-2: Ball 3-2: Base on Balls Harry Folsom scores Steve Gilliam to third Ray Insley to second
|
Batting: RHB Chris Osting
|
0-0: Ball 1-0: Ball Balk! Steve Gilliam scores Ray Insley to third Jamie Mims to second 2-0: Ball 3-0: Called Strike 3-1: Base on Balls
|
Batting: RHB Zakhar Edelman
|
0-0: Swinging Strike 0-1: Ball 1-1: Ball 2-1: SINGLE (Groundball, 15S, EV 74.4 MPH) (infield hit) Ray Insley scores Jamie Mims to third Chris Osting to second
|
Pitching: RHP William Matthews
|
|
Batting: SHB Jeff Sorrels
|
0-0: Fly out, F9 (Flyball, 9S, EV 86.2 MPH)
|
Top of the 9th over - 4 runs, 2 hits, 0 errors, 3 left on base; Grand Junction 23 - Billings 7 |
BOTTOM OF THE 9TH |
Billings Mustangs batting - Pitching for Grand Junction Rockies : RHP Jerry Dunne
|
Batting: LHB Jeremy Robertson
|
0-0: Ball 1-0: Foul Ball, location: 2F 1-1: Foul Ball, location: 2F 1-2: SINGLE (Groundball, 34S, EV 66.9 MPH) (infield hit)
|
Batting: RHB Jake Savell
|
0-0: Swinging Strike 0-1: Swinging Strike 0-2: Ball 1-2: Ball 2-2: Reached on error, E3 (Groundball, 34S, EV 62.5 MPH) Jeremy Robertson to second
|
Batting: LHB Brian Dickeson
|
0-0: Ball 1-0: Swinging Strike 1-1: Swinging Strike 1-2: Strikes out swinging
|
Batting: SHB David Garnica
|
0-0: Foul Ball, location: 2F 0-1: Grounds into double play, 6-4-3 (Groundball, 6M, EV 101.9 MPH)
|
Bottom of the 9th over - 0 runs, 1 hit, 1 error, 1 left on base; Grand Junction 23 - Billings 7 |
|